 Dungeon Crawl Stone Soup version 0.29-a0-334-gb41bcbb86e (webtiles) character file.

Game seed: 2711867208141522590

154 Jortsu the Skirmisher (level 5, -18/47 HPs)
             Began as a Minotaur Fighter on Apr 14, 2022.
             Was a Follower of Okawaru.
             Demolished by an orc warrior
             ... wielding a +0 glaive
              (20 damage)
             ... on level 4 of the Dungeon.
             The game lasted 00:03:48 (2628 turns).

Jortsu the Skirmisher (Minotaur Fighter)            Turns: 2628, Time: 00:03:49

Health: -18/47     AC: 13    Str: 21    XL:     5   Next: 13%
Magic:  4/4        EV:  6    Int:  5    God:    Okawaru [*.....]
Gold:   167        SH:  4    Dex: 11    Spells: 4/4 levels left

rFire   . . .      SeeInvis .   a - +1 flail
rCold   . . .      Faith    .   c - +0 buckler
rNeg    + . .      Spirit   .   i - +0 plate armour
rPois   .          Reflect  .   (helmet restricted)
rElec   .          Harm     .   (no cloak)
rCorr   .          Rampage  .   g - +0 pair of gloves
Will    .....                   (no boots)
Stlth   ..........              (no amulet)
HPRegen 0.15/turn               f - ring of positive energy
MPRegen 0.09/turn               (no ring)

@: no status effects
A: horns 2, retaliatory headbutt
a: Renounce Religion, Heroism


You were on level 4 of the Dungeon.
You worshipped Okawaru.
Okawaru was aware of your devotion.
You visited 1 branch of the dungeon, and saw 4 of its levels.

You collected 167 gold pieces.

Inventory:

Hand Weapons
 a - a +1 flail (weapon)
Armour
 b - a +0 scale mail
 c - a +0 buckler (worn)
 g - a +0 pair of gloves (worn)
 i - a +0 plate armour (worn)
Jewellery
 e - a ring of magical power
 f - a ring of positive energy (left hand)
Scrolls
 n - a scroll of holy word {unknown}
 o - a scroll of enchant weapon
Potions
 d - 2 potions of might
 h - 2 potions of invisibility
 j - a potion of mutation
 k - a potion of magic {unknown}
 l - 2 potions of curing {unknown}
 m - 3 potions of flight {unknown}
 p - a potion of heal wounds {unknown}
 q - a potion of berserk rage {unknown}


   Skills:
 + Level 4.9 Fighting
 + Level 4.2 Maces & Flails
 + Level 4.4 Armour
 + Level 0.2 Dodging
 + Level 4.3 Shields


You had 4 spell levels left.
You didn't know any spells.
Your spell library contained the following spells:

 Spells                   Type           Power      Damage    Failure   Level
 Ozocubu's Armour         Ice            0%         N/A       100%        3
 Ozocubu's Refrigeration  Ice            0%         4d5       100%        7


Dungeon Overview and Level Annotations

Branches:
Dungeon (4/15)
 Temple: D:4-7

Altars:
Nemelex Xobeh
Okawaru


Innate Abilities, Weirdness & Mutations

You have a pair of horns on your head.
You reflexively headbutt those who attack you in melee.


Message History

You block the elf zombie's attack.
You barely miss the elf zombie.
The elf zombie is lightly damaged.
The elf zombie hits you but does no damage.
The orc hits you but does no damage.
You barely miss the elf zombie. Your headbutt misses the elf zombie.
The elf zombie is lightly damaged.
The orc hits you but does no damage.
The elf zombie hits you but does no damage.
You hit the elf zombie.
The elf zombie is lightly damaged.
The orc hits you but does no damage.
The elf zombie hits you but does no damage.
The orc warrior hits you from afar with a +0 glaive!
The orc hits you but does no damage.
You closely miss the elf zombie. You headbutt the elf zombie!
The elf zombie is moderately damaged.
The elf zombie hits you. You block the orc's attack.
The orc warrior hits you from afar with a +0 glaive!
You hit the elf zombie.
The elf zombie is moderately damaged.
The elf zombie hits you but does no damage.
The orc hits you with a +0 hand axe.
* * * LOW HITPOINT WARNING * * *
The orc warrior hits you from afar with a +0 glaive!
* * * LOW HITPOINT WARNING * * *
You closely miss the elf zombie. You headbutt the elf zombie.
The elf zombie is moderately damaged.
The orc hits you but does no damage. You block the orc warrior's attack.
The elf zombie barely misses you.
Okay, then.
You barely miss the elf zombie.
You headbutt the elf zombie, but do no damage.
The elf zombie is moderately damaged.
You block the orc's attack. The orc warrior barely misses you.
The elf zombie hits you but does no damage.
The orc hits you with a +0 hand axe.
* * * LOW HITPOINT WARNING * * *
The orc warrior hits you with a +0 glaive!!
You die...

###.#..######### ...#..#
#####..# ...o.. #..#
#..o...# #..# #......#
#..# #.o....# #####..#
#+#####......# .......#
#..Z'o#o##.#.#
.......#########@o......#
....<......#(#..(.....#+
...........#.####..#..#
.............####..# .#
..(.............#..##.#
................'.....#
................#######
...........######
...#.#######


You could see an orc warrior, 2 orcs and an elf zombie.

Vanquished Creatures
  A jelly (D:3)
  An iguana (D:3)
  4 adders
  2 worms
  An orc (D:3)
  9 endoplasms
  2 giant cockroaches
  7 goblins
  2 hobgoblins
  2 kobolds (D:3)
  A quokka (D:3)
  6 ball pythons
  6 bats
  2 frilled lizards
  9 rats
55 creatures vanquished.

Notes
Turn   | Place    | Note
-------+----------+-------------------------------------------
     0 | D:1      | Jortsu the Minotaur Fighter began the quest for the Orb.
     0 | D:1      | Reached XP level 1. HP: 19/19 MP: 0/0
   408 | D:1      | Reached XP level 2. HP: 27/27 MP: 1/1
  1048 | D:2      | Reached XP level 3. HP: 32/33 MP: 2/2
  1315 | D:2      | Found a sparkling altar of Nemelex Xobeh.
  1331 | D:2      | Found a faded altar of an unknown god.
  1354 | D:2      | Prayed at the altar of an unknown god.
  1354 | D:2      | Became a worshipper of Warmaster Okawaru
  1354 | D:2      | Reached * piety under Okawaru
  1920 | D:3      | Reached XP level 4. HP: 41/41 MP: 3/3
  2059 | D:3      | Reached XP level 5. HP: 43/47 MP: 4/4
  2616 | D:4      | Noticed an orc warrior
  2628 | D:4      | HP: 2/47 [orc/+0 hand axe (3)]
  2628 | D:4      | Demolished by an orc warrior

Illustrated notes

Levels and vault maps discovered:
D:1:      dpeg_arrival_leaves_temple_mockup, layout_basic,
          grunt_decor_resistance, minmay_small_reverse_x
D:2:      minmay_door_path, layout_basic, basic_altar,
          hellmonk_ecumenical_altar_run_dry, nicolae_figureground_pulse
D:3:      layout_loops_ring
D:4:      minmay_chambers_of_twos, layout_basic,
          nicolae_ossuary_entry_catacombs, kennysheep_path_1

Skill      XL: |  1  2  3  4 |
---------------+-------------+-----
Armour         | 4 |  4.4
Fighting       | 4 |  4.9
Shields        | 4 |  4.3
Maces & Flails | 3 4 |  4.2
Dodging        | |  0.2

Action                   |  1- 3 |  4- 6 || total
-------------------------+-------+-------++-------
Melee: Flail             |    88 |    43 ||   131
       Headbutt          |    10 |     8 ||    18
  Use: Scroll            |     6 |     2 ||     8
Armor: Scale mail        |    14 |       ||    14
       Plate armour      |    38 |    32 ||    70
Dodge: Dodged            |    19 |    11 ||    30
Block: Buckler           |    16 |    11 ||    27

Table legend: (Time is in decaauts)
 A = Elapsed time spent in this place.
 B = Non-inter-level travel time spent in this place.
 C = Inter-level travel time spent in this place.
 D = Time resting spent in this place.
 E = Time spent auto-exploring this place.
 F = Levels seen in this place.
 G = Mean time per level.
                   A        B        C        D        E       F      G
               +--------+--------+--------+--------+--------+-----+--------+
         Total |   2663 |   2634 |     29 |      0 |   2111 |   4 |  665.8 |
       Dungeon |   2663 |   2634 |     29 |      0 |   2111 |   4 |  665.8 |
               +--------+--------+--------+--------+--------+-----+--------+

Top non-repeatable levels by time:
     D:1: 1005 daAuts
     D:2: 862 daAuts
     D:3: 713 daAuts
     D:4: 81 daAuts
